 Dungeon Crawl Stone Soup version 0.29-a0-384-g6960b1960d (webtiles) character file.

Game seed: 5976163414603290846

543 pascalblue the Caller (level 7, -3/36 HPs)
             Began as a Deep Elf Summoner on May 6, 2022.
             Slain by an iguana (6 damage)
             ... on level 5 of the Dungeon.
             The game lasted 00:16:21 (3977 turns).

pascalblue the Caller (Deep Elf Summoner)           Turns: 3977, Time: 00:16:22

Health: -3/36      AC:  4    Str:  5    XL:     7   Next: 6%
Magic:  13/16      EV: 13    Int: 22    God:
Gold:   270        SH:  0    Dex: 15    Spells: 2/16 levels left

rFire   . . .      SeeInvis .   k - +2 dire flail (protect)
rCold   . . .      Faith    .   (shield currently unavailable)
rNeg    . . .      Spirit   .   a - +0 robe
rPois   .          Reflect  .   (no helmet)
rElec   .          Harm     .   (no cloak)
rCorr   .          Rampage  .   h - +1 pair of gloves
Will    .....                   (no boots)
Stlth   ++........              (no amulet)
HPRegen 0.12/turn               (no ring)
MPRegen 0.15/turn               (no ring)

@: no status effects
A: no striking features
a: no special abilities


You were on level 5 of the Dungeon.
You visited 1 branch of the dungeon, and saw 5 of its levels.

You collected 270 gold pieces.

Inventory:

Hand Weapons
 d - a +0 club
 f - a +0 dagger
 k - a +2 dire flail of protection (weapon)
 l - a +2 dagger of pain
Missiles
 e - 109 stones
 s - 3 boomerangs
Armour
 a - a +0 robe (worn)
 h - a +1 pair of gloves (worn)
Scrolls
 g - a scroll of immolation
 i - 3 scrolls of identify {unknown}
 j - 3 scrolls of poison {unknown}
 m - 3 scrolls of teleportation {unknown}
 n - 2 scrolls of torment {unknown}
 p - 2 scrolls of vulnerability {unknown}
 q - a scroll of noise {unknown}
 r - a scroll of fear {unknown}
 w - a scroll of enchant armour {unknown}
 x - a scroll of magic mapping {unknown}
 y - a scroll of enchant weapon {unknown}
Potions
 b - a potion of attraction {unknown}
 c - a potion of brilliance
 o - 2 potions of berserk rage {unknown}
 t - a potion of cancellation {unknown}
 u - a potion of curing {unknown}
 v - a potion of flight {unknown}


   Skills:
 - Level 0.1 Fighting
 - Level 0.2 Short Blades
 + Level 3.4 Dodging
 + Level 3.4 Stealth
 + Level 5.1 Spellcasting
 + Level 1.6 Conjurations
 + Level 2.5 Hexes
 * Level 6.8 Summonings
 * Level 2.0 Air Magic


You had 2 spell levels left.
You knew the following spells:

 Your Spells              Type           Power      Damage    Failure   Level
a - Summon Small Mammal   Summ           100%       N/A       1%          1
b - Call Imp              Summ           35%        N/A       1%          2
c - Call Canine Familiar  Summ           35%        N/A       1%          3
d - Summon Guardian Gole  Hex/Summ       26%        N/A       4%          3
e - Shock                 Conj/Air       52%        1d6       4%          1
f - Summon Lightning Spi  Summ/Air       25%        N/A       16%         4

Your spell library contained the following spells:

 Spells                   Type           Power      Damage    Failure   Level
 Slow                     Hex            64%        N/A       3%          1
 Confusing Touch          Hex            16%        N/A       11%         3
 Dazzling Flash           Conj/Hex       30%        N/A       13%         3
 Swiftness                Air            14%        N/A       13%         3
 Vampiric Draining        Necr           5%         2d6       30%         3
 Airstrike                Air            7%         N/A       41%         4
 Silence                  Hex/Air        7%         N/A       71%         5
 Agony                    Necr           5%         N/A       95%         5


Dungeon Overview and Level Annotations

Branches:
Dungeon (5/15)
 Temple: D:4-7

Altars:

Shops:
D:3 :

Annotations:
D:5 Grinder


Message History

Your quokka writhes in agony.
Your quokka dies!
Your quokka's corpse disappears in a puff of smoke!
Your rat bites the iguana but does no damage.
Your hound bites Grinder but does no damage. x2
Grinder gestures at you. Pain shoots through your body!
Your crimson imp misses the iguana.
You hit the iguana.
Your weapon exudes an aura of protection.
The iguana is lightly wounded.
Your hound bites Grinder.
The iguana barely misses you. Grinder gestures at you.
You suddenly lose the ability to move!
Your crimson imp misses the iguana.
Your hound bites Grinder but does no damage.
Your hound closely misses Grinder.
The iguana bites you.
Your rat closely misses Grinder.
Your crimson imp hits the iguana but does no damage.
Your hound bites Grinder.
The iguana bites you but does no damage.
Grinder gestures at you.
You shrug off the repeated paralysis!
Your crimson imp hits the iguana.
Your hound bites Grinder.
Your rat bites Grinder but does no damage.
Your hound bites Grinder.
The iguana bites you!
Your crimson imp completely misses the iguana.
You can move again.
You closely miss the iguana.
The iguana is lightly wounded.
Grinder barely misses you. The iguana bites you!
* * * LOW HITPOINT WARNING * * *
Your hound closely misses Grinder.
Your rat bites Grinder.
Your crimson imp hits the iguana but does no damage.
Unknown command.
You swap places.
Your hound bites Grinder.
The iguana bites you.
* * * LOW HITPOINT WARNING * * *
Grinder blinks!
Your crimson imp barely misses the iguana.
Your rat barely misses Grinder.
Your hound bites Grinder.
The iguana attacks as you move away! The iguana bites you.
You die...

#. . . .#.### .#.
...... #..
......##.#
......#..#########
).........#..>...#
.....5.....####.#
#hrl@.....#..
#.§5.####.#.#
#...)####.#.###
####..#.......#
.......#<.)†.[...#
.......###)......#
....... #.......#
.>..... #.......#
#...... #.......#


You could see Grinder (ally target), an iguana, a friendly hound (summoned), a
friendly crimson imp (summoned) and a friendly rat (summoned).

Vanquished Creatures
  Edmund (D:5)
  A scorpion (D:5)
  2 orc priests (D:4)
  Jessica (D:3)
  An orc wizard (D:4)
  2 adders
  2 orcs
  A bat (D:2)
  2 endoplasms
  A hobgoblin (D:1)
  3 kobolds
  2 quokkas
  3 ball pythons
  A frilled lizard (D:3)
  A rat (D:3)
24 creatures vanquished.

Vanquished Creatures (collateral kills)
  A bullfrog (D:4)
  Natasha (D:3)
  An orc wizard (D:4)
  3 gnolls (D:5)
  An adder (D:4)
  A worm (D:5)
  3 orcs
  4 ball pythons (D:1)
  5 endoplasms
  2 giant cockroaches (D:1)
  2 hobgoblins (D:1)
  2 jackals (D:1)
  2 quokkas
  A bat (D:3)
  3 frilled lizards
  7 goblins
  2 kobolds (D:1)
  5 rats
46 creatures vanquished.

Vanquished Creatures (others)
  An iguana (D:5)
  44 plants (D:1)
45 creatures vanquished.

Grand Total: 115 creatures vanquished

Notes
Turn   | Place    | Note
-------+----------+-------------------------------------------
     0 | D:1      | pascalblue the Deep Elf Summoner began the quest for the
                  | Orb.
     0 | D:1      | Reached XP level 1. HP: 10/10 MP: 6/6
   320 | D:1      | Reached XP level 2. HP: 15/15 MP: 5/8
   372 | D:1      | Learned a level 2 spell: Call Imp
   686 | D:1      | Reached skill level 5 in Summonings
   929 | D:1      | Reached XP level 3. HP: 19/19 MP: 6/10
   943 | D:1      | Learned a level 3 spell: Call Canine Familiar
   947 | D:1      | Learned a level 3 spell: Summon Guardian Golem
  1225 | D:2      | Found a faded altar of an unknown god.
  1847 | D:3      | Found Kiwevog's Book Emporium.
  1879 | D:3      | Noticed Jessica
  1886 | D:3      | Killed Jessica
  1887 | D:3      | Reached XP level 4. HP: 11/24 MP: 7/12
  2171 | D:3      | Noticed Natasha
  2181 | D:3      | Killed Natasha
  2182 | D:3      | Reached skill level 1 in Hexes
  2182 | D:3      | Reached skill level 6 in Summonings
  2511 | D:4      | Reached XP level 5. HP: 13/28 MP: 9/13
  2688 | D:4      | Learned a level 1 spell: Shock
  3274 | D:4      | Reached skill level 1 in Conjurations
  3274 | D:4      | Reached skill level 1 in Air Magic
  3274 | D:4      | Reached XP level 6. HP: 6/32 MP: 11/15
  3535 | D:4      | Learned a level 4 spell: Summon Lightning Spire
  3788 | D:5      | Entered Level 5 of the Dungeon
  3806 | D:5      | HP: 1/32 [iguana (4)]
  3827 | D:5      | Reached skill level 5 in Spellcasting
  3846 | D:5      | Noticed Edmund
  3867 | D:5      | Killed Edmund
  3868 | D:5      | Reached XP level 7. HP: 25/36 MP: 9/16
  3966 | D:5      | Noticed Grinder
  3971 | D:5      | Paralysed by Grinder for 4 turns
  3977 | D:5      | Slain by an iguana

Illustrated notes

Levels and vault maps discovered:
D:1:      roderic_crop_circles_arrival_small, layout_loops_cross
D:2:      layout_rooms, basic_ecumenical_altar, minivault_23
D:3:      layout_rooms, serial_shops, shop, kennysheep_generic_room_2,
          uniq_natasha, uniq_jessica
D:4:      cheibrodos_pilgrimage, layout_basic
D:5:      layout_rooms, mainiacjoe_overflow_tiny_flanked,
          cheibrodos_sewer_entry_bend, uniq_eustachio, uniq_edmund, uniq_grinder

Skill      XL: |  1  2  3  4  5  6 |
---------------+-------------------+-----
Summonings     | 5 6 |  6.8
Spellcasting   | 4 5 |  5.1
Hexes          | 1 2 |  2.5
Dodging        | 3 |  3.4
Stealth        | 3 |  3.4
Conjurations   | 1 |  1.6
Air Magic      | 1 2 |  2.0
Fighting       | |  0.1
Short Blades   | |  0.2

Action                   |  1- 3 |  4- 6 |  7- 9 || total
-------------------------+-------+-------+-------++-------
Melee: Unarmed           |     9 |       |       ||     9
       Dagger            |    37 |    36 |       ||    73
       Dire flail        |       |       |     2 ||     2
 Cast: Summon Small Mamm |    47 |    21 |     2 ||    70
       Call Imp          |    14 |    12 |     1 ||    27
       Call Canine Famil |       |     3 |       ||     3
       Shock             |       |     5 |       ||     5
       Summon Guardian G |       |     2 |       ||     2
  Use: Potion            |       |     4 |       ||     4
       Scroll            |       |     1 |       ||     1
 Stab: Distracted        |     1 |       |       ||     1
       Sleeping          |     2 |       |       ||     2
Armor: Robe              |    19 |    18 |     1 ||    38
Dodge: Dodged            |    61 |    49 |     2 ||   112

Table legend: (Time is in decaauts)
 A = Elapsed time spent in this place.
 B = Non-inter-level travel time spent in this place.
 C = Inter-level travel time spent in this place.
 D = Time resting spent in this place.
 E = Time spent auto-exploring this place.
 F = Levels seen in this place.
 G = Mean time per level.
                   A        B        C        D        E       F      G
               +--------+--------+--------+--------+--------+-----+--------+
         Total |   3974 |   3886 |     88 |    507 |   2485 |   5 |  794.8 |
       Dungeon |   3974 |   3886 |     88 |    507 |   2485 |   5 |  794.8 |
               +--------+--------+--------+--------+--------+-----+--------+

Top non-repeatable levels by time:
     D:4: 1515 daAuts
     D:1: 1098 daAuts
     D:3: 652 daAuts
     D:2: 519 daAuts
     D:5: 188 daAuts
